 Dungeon Crawl Stone Soup version 0.29.0-13-gc9e81de378 (webtiles) character file.

Game seed: 4631074014480098760

689 keekatzer the Trooper (level 7, 0/63 HPs)
             Began as a White Draconian Monk on Sept 9, 2022.
             Was a Priest of Okawaru.
             Slain by blackman's ghost (16 damage)
             ... on level 3 of the Dungeon.
             The game lasted 00:19:35 (2827 turns).

keekatzer the Trooper (White Draconian Monk)        Turns: 2827, Time: 00:19:35

Health: 0/63       AC:  7    Str: 15      XL:     7   Next: 36%
Magic:  10/10      EV: 13    Int: 11      God:    Okawaru [***...]
Gold:   200        SH:  0    Dex:  9 (13) Spells: 6/6 levels left

rFire   . . .      SeeInvis .   o - +3 quarterstaff (chaos)
rCold   + . .      Faith    .   (shield currently unavailable)
rNeg    . . .      Spirit   .   (body armour unavailable)
rPois   .          Reflect  .   (helmet restricted)
rElec   .          Harm     .   p - +0 cloak
rCorr   .          Rampage  .   (no gloves)
Will    +....                   (no boots)
Stlth   ++........              (no amulet)
HPRegen 0.20/turn               r - ring of willpower
MPRegen 0.12/turn               (no ring)

@: short of breath
A: breathe frost, AC +6, unfitting armour, cold resistance 1, cold-blooded
a: Breathe Frost, Renounce Religion, Heroism


You were on level 3 of the Dungeon.
You worshipped Okawaru.
Okawaru was most pleased with you.
You visited 1 branch of the dungeon, and saw 3 of its levels.

You collected 200 gold pieces.

Inventory:

Hand Weapons
 a - a +0 spear
 o - a +3 quarterstaff of chaos (weapon)
 q - a +3 hammer
 v - a +3 falchion of electrocution
Armour
 p - a +0 cloak (worn)
 t - an orb of light
Jewellery
 m - a ring of wizardry
 r - a ring of willpower (left hand)
 x - a +6 ring of dexterity
Wands
 u - a wand of light (4)
Scrolls
 c - 2 scrolls of identify {unknown}
 e - 2 scrolls of teleportation {unknown}
 h - a scroll of enchant weapon {unknown}
 i - 3 scrolls of amnesia {unknown}
 j - a scroll of enchant armour {unknown}
 n - a scroll of immolation {unknown}
Potions
 b - a potion of ambrosia
 d - 3 potions of heal wounds
 f - 3 potions of curing {unknown}
 g - a potion of degeneration {unknown}
 k - a potion of flight {unknown}
 l - a potion of lignification {unknown}
 s - a potion of might {unknown}
 w - a potion of haste {unknown}


   Skills:
 + Level 6.1 Fighting
 - Level 3.0 Polearms
 + Level 5.1 Dodging
 - Level 1.7 Stealth
 + Level 4.7 Invocations


You had 6 spell levels left.
You didn't know any spells.
Your spell library contained the following spells:

 Spells                   Type           Power      Damage    Failure   Level
 Beastly Appendage        Tmut           0%         N/A       34%         1
 Alistair's Intoxication  Tmut/Pois      0%         N/A       100%        5
 Dragon Form              Tmut           0%         N/A       100%        7


Dungeon Overview and Level Annotations

Branches:
Dungeon (3/15)

Altars:
Okawaru
Sif Muna

Annotations:
D:3 blackman's ghost, amateur DgFi


Innate Abilities, Weirdness & Mutations

You can breathe waves of freezing cold which knock back foes.
Your icy white scales are hard. (AC +6)
You cannot fit into any form of body armour.
Your flesh is cold resistant. (rC+)
You are cold-blooded and may be slowed by cold attacks.


Message History

* * * LOW HITPOINT WARNING * * *
The quasit barely misses you. x2; The quasit closely misses you.
The quasit closely misses you. The quasit completely misses you.
The quasit claws you.
* * * LOW HITPOINT WARNING * * *
The quasit bites you.
* * * LOW HITPOINT WARNING * * *
You feel clumsy. The quasit barely misses you. The quasit claws you.
* * * LOW HITPOINT WARNING * * *
You feel clumsy. The quasit attacks as you move away!
The quasit barely misses you. x2
The quasit claws you but does no damage.
You kill the quasit!
Okawaru accepts your kill.
You feel your dexterity returning.
Aiming: Breathe Frost (5% risk of failure)
Press: ? - help, Shift-Dir - straight line, f - blackman's ghost
Aim: blackman's ghost (unusually agile, 68% to hit)
You exhale a wave of freezing cold.
The freezing breath hits blackman's ghost but does no damage.
Blackman's ghost completely misses you.
Blackman's ghost attacks as you move away!
Blackman's ghost closely misses you.
Blackman's ghost holds its blade at the ready.
There is a transporter here.
You enter the transporter and appear at another place.
Blackman's ghost closely misses you.
It was a potion of heal wounds.
You feel much better. Blackman's ghost hits you.
You hit blackman's ghost.
You tail-slap blackman's ghost, but do no damage.
Blackman's ghost is lightly damaged.
Blackman's ghost hits you!
* * * LOW HITPOINT WARNING * * *
You barely miss blackman's ghost.
Blackman's ghost is lightly damaged.
You feel like a meek peon again. Blackman's ghost hits you!
You die...

.......###...###.# #.#
......##.......#.# #.#
......#..#.#...#.## #.#
......#..#.#...#..# #.#
.[....##.....#.##.#####.#
.......#..#...#.#.....#.#
......©#[..©#...#.....#.#
#####..#$#.....##W....'.#
##....##.#...#.#@.....###
'.....#..#.##..##.....#
#.....#.#...#..©#.....#
#.....##..#....##.....#
#......#......##......#
#......##.#####..)....#
#.####..###.....#######
..# ##.....##>## ###
########.#


You could see blackman's ghost (agile).

Vanquished Creatures
  Grinder (D:3)
  Sigmund (D:3)
  4 quasits (D:3)
  Crazy Yiuf (D:2)
  Natasha (D:3)
  Robin (D:3)
  3 gnolls (D:3)
  4 adders (D:3)
  2 worms
  3 dart slugs
  2 ball pythons
  7 endoplasms
  3 giant cockroaches
  15 goblins
  10 hobgoblins
  3 jackals (D:1)
  A quokka (D:3)
  3 bats
  4 frilled lizards
  A kobold (D:2)
  4 rats
74 creatures vanquished.

Vanquished Creatures (others)
  6 plants (D:3)
6 creatures vanquished.

Grand Total: 80 creatures vanquished

Notes
Turn   | Place    | Note
-------+----------+-------------------------------------------
     0 | D:1      | keekatzer the Draconian Monk began the quest for the Orb.
     0 | D:1      | Reached XP level 1. HP: 19/19 MP: 1/1
   197 | D:1      | Found a faded altar of an unknown god.
   207 | D:1      | Reached XP level 2. HP: 23/26 MP: 2/2
   207 | D:1      | Prayed at the altar of an unknown god.
   207 | D:1      | Became a worshipper of Warmaster Okawaru
   207 | D:1      | Reached * piety under Okawaru
   207 | D:1      | Reached ** piety under Okawaru
   532 | D:1      | Got Iwemaerai's Incunable of Shapes
   818 | D:1      | Reached skill level 1 in Invocations
   818 | D:1      | Reached XP level 3. HP: 27/33 MP: 3/3
  1012 | D:2      | Reached skill level 4 in Fighting
  1059 | D:2      | Found a runed translucent door.
  1060 | D:2      | Noticed Crazy Yiuf
  1543 | D:2      | Killed Crazy Yiuf
  1544 | D:2      | Reached XP level 4. HP: 20/40 MP: 2/5
  1640 | D:3      | Reached *** piety under Okawaru
  1951 | D:3      | Noticed Sigmund
  1963 | D:3      | Killed Sigmund
  1964 | D:3      | Reached skill level 5 in Fighting
  1964 | D:3      | Reached XP level 5. HP: 6/48 MP: 5/7
  1964 | D:3      | Reached XP level 6. HP: 7/56 MP: 5/8
  2036 | D:3      | Noticed blackman's ghost (amateur DgFi)
  2240 | D:3      | Found a transporter.
  2256 | D:3      | Found a shimmering blue altar of Sif Muna.
  2270 | D:3      | Noticed Grinder
  2339 | D:3      | Killed Grinder
  2351 | D:3      | Noticed Natasha
  2357 | D:3      | Killed Natasha
  2467 | D:3      | Found a transporter.
  2480 | D:3      | Your scales start taking on an icy white colour.
  2480 | D:3      | Reached XP level 7. HP: 62/62 MP: 10/10
  2480 | D:3      | Gained mutation: Your flesh is cold resistant. (rC+) [White
                  | Draconian growth]
  2486 | D:3      | Identified the +2 helmet of Boredom {rPois rC+ Dex-5
                  | Slay+3}
  2486 | D:3      | Noticed Robin
  2509 | D:3      | Killed Robin
  2755 | D:3      | Reached **** piety under Okawaru
  2756 | D:3      | Reached skill level 6 in Fighting
  2756 | D:3      | Reached skill level 5 in Dodging
  2827 | D:3      | Slain by blackman's ghost

Illustrated notes

Levels and vault maps discovered:
D:1:      eino_arrival_cavern_d, layout_loops_corners,
          dreamdust_ecumenical_altar_sealed_demon, minmay_close_crescents
D:2:      minmay_wonky_spiral, layout_basic, uniq_crazy_yiuf_cottage
D:3:      layout_basic, lemuel_tele_altar, gammafunk_ghost_stat_death,
          nicolae_grassy_gnolls, uniq_terence, uniq_sigmund, uniq_natasha,
          uniq_grinder, uniq_robin

Skill      XL: |  1  2  3  4  5  6  7 |
---------------+----------------------+-----
Dodging        | 3 4 5 |  5.1
Invocations    | 1 3 4 |  4.7
Fighting       | 4 5 6 |  6.1
Polearms       | |  3.0
Stealth        | |  1.7

Action                   |  1- 3 |  4- 6 |  7- 9 || total
-------------------------+-------+-------+-------++-------
Melee: Spear             |   132 |       |       ||   132
       Tailslap          |    13 |     9 |     4 ||    26
       Punch             |     4 |       |       ||     4
       Quarterstaff      |       |    52 |    54 ||   106
Invok: Heroism           |     1 |       |     1 ||     2
 Abil: Breathe Frost     |       |       |     2 ||     2
  Use: Potion            |       |       |     1 ||     1
 Stab: Sleeping          |     5 |     4 |     1 ||    10
       Paralysed         |       |       |     1 ||     1
Armor: Skin              |    30 |    15 |    78 ||   123
Dodge: Dodged            |    47 |    27 |   119 ||   193
